 Dungeon Crawl Stone Soup version 0.28.0-1-gb440e238dd (console) character file.

Game seed: 8593532217430550385

756 jejorda2 the Cutter (level 7, -1/38 HPs)
             Began as a Vine Stalker Berserker on Feb 21, 2022.
             Was a Priest of Trog.
             Slain by an orc (4 damage)
             ... on level 5 of the Dungeon.
             The game lasted 00:08:18 (4600 turns).

jejorda2 the Cutter (Vine Stalker Berserker)        Turns: 4600, Time: 00:08:19

Health: -1/38      AC:  9    Str: 22    XL:     7   Next: 79%
Magic:  0/8        EV: 11    Int:  7    God:    Trog [***...]
Gold:   55         SH:  0    Dex: 13    Spells: 6/6 levels left

rFire   . . .      SeeInvis .   a - +1 short sword (speed)
rCold   . . .      Faith    .   (no shield)
rNeg    . . .      Spirit   +   d - +0 ring mail
rPois   .          Reflect  .   q - +0 helmet
rElec   .          Harm     .   l - +0 cloak
rCorr   +          Rampage  .   (no gloves)
Will    .....                   w - +0 pair of boots
Stlth   +.........              t - amulet of the acrobat
HPRegen 0.92/turn               g - ring of resist corrosion
MPRegen 0.11/turn               (no ring)

@: on berserk cooldown, slowed, very slow
A: fangs 2, regeneration 1, magic shield, antimagic bite, no potion heal 2
a: Renounce Religion, Berserk, Trog's Hand


You were on level 5 of the Dungeon.
You worshipped Trog.
Trog was most pleased with you.
You visited 1 branch of the dungeon, and saw 5 of its levels.

You collected 170 gold pieces.
You spent 115 gold pieces at shops.

Inventory:

Hand Weapons
 a - a +1 short sword of speed (weapon)
 e - a +0 dagger
Missiles
 h - 129 stones (quivered)
 u - 3 boomerangs
Armour
 d - a +0 ring mail (worn)
 l - a +0 cloak (worn)
 q - a +0 helmet (worn)
 w - a +0 pair of boots (worn)
Jewellery
 g - a ring of resist corrosion (left hand)
 t - an amulet of the acrobat (around neck)
 y - a ring of ice
Wands
 o - a wand of polymorph (7)
 s - a wand of mindburst (7)
 A - a wand of iceblast (4)
Scrolls
 f - 12 scrolls of identify {unknown}
 m - a scroll of teleportation {unknown}
 n - a scroll of amnesia {unknown}
 v - a scroll of magic mapping {unknown}
 B - 2 scrolls of summoning {unknown}
 C - a scroll of fog {unknown}
 D - a scroll of enchant weapon {unknown}
Potions
 b - a potion of haste {unknown}
 c - a potion of flight {unknown}
 i - a potion of cancellation {unknown}
 j - 2 potions of magic {unknown}
 k - a potion of attraction {unknown}
 p - a potion of brilliance {unknown}
 r - 3 potions of curing
 x - a potion of might {unknown}
 z - a potion of heal wounds {unknown}


   Skills:
 + Level 4.6 Fighting
 * Level 6.0 Short Blades
 + Level 3.7 Armour
 - Level 1.5 Dodging


You had 6 spell levels left.
You didn't know any spells.
Your spell library was empty.

Dungeon Overview and Level Annotations

Branches:
Dungeon (5/15)
 Temple: D:4-7

Altars:
Sif Muna

Shops:
D:3 *


Innate Abilities, Weirdness & Mutations

You have extremely sharp teeth.
Your natural rate of healing is unusually fast.
When hurt, damage is shared between your health and your magic reserves.
Your bite disrupts and absorbs the magic of your enemies.
Potions cannot restore your health.


Message History

The ogre is severely wounded.
The orc hits you but does no damage. x2; The orc misses you.
You puncture the ogre!
The ogre is almost dead.
The ogre hits you with a +0 giant club!!
* * * LOW HITPOINT WARNING * * *
You puncture the ogre!
You kill the ogre!
Trog accepts your kill. The orc hits you but does no damage.
Your Short Blades skill increases to level 6!
You puncture the adder!
You kill the adder!
Trog accepts your kill.
The orc barely misses you. x2; The orc misses you.
You puncture the orc!
You kill the orc!
Trog accepts your kill.
You closely miss the orc.
You are no longer berserk.
You are exhausted.
You feel yourself slow down. The orc barely misses you.
The orc hits you from afar with a +0 trident.
* * * LOW HITPOINT WARNING * * *
The orc hits you but does no damage.
You closely miss the orc.
Your skin stops crawling.
You feel less strong-willed. The orc misses you.
You barely miss the orc. The orc closely misses you.
The orc hits you but does no damage. The orc closely misses you.
You closely miss the orc. The orc barely misses you.
The orc hits you from afar with a +0 trident!
* * * LOW HITPOINT WARNING * * *
You puncture the orc!
You kill the orc!
Trog accepts your kill. The orc hits you with a +0 hand axe.
* * * LOW HITPOINT WARNING * * *
The orc hits you from afar with a +0 trident.
You die...

#........)........(#
#..................#
##.........<........
#...................
....................
#..................#
#...##....##.......#
##.# #.)..##........
#. #@)..#......... .
#)oo.#.........
.!......>.......
...........##.....
...............
...(...........
...#.#.........
....#####......


You could see 2 orcs.

Vanquished Creatures
  Sigmund (D:5)
  A black bear (D:4)
  2 ogres (D:5)
  A wyvern skeleton (D:3)
  A hound (D:4)
  Crazy Yiuf (D:2)
  Ijyb (D:3)
  Terence (D:2)
  An orc wizard (D:3)
  Robin (D:3)
  4 adders
  An ufetubus (D:4)
  A worm (D:2)
  2 dart slugs
  8 orcs
  4 ball pythons
  5 endoplasms
  3 giant cockroaches
  10 goblins
  9 hobgoblins
  2 jackals (D:1)
  2 quokkas
  3 bats (D:1)
  5 frilled lizards
  14 kobolds
  4 rats
88 creatures vanquished.

Vanquished Creatures (others)
  3 plants (D:3)
3 creatures vanquished.

Grand Total: 91 creatures vanquished

Notes
Turn   | Place    | Note
-------+----------+-------------------------------------------
     0 | D:1      | jejorda2 the Vine Stalker Berserker began the quest for the
                  | Orb.
     0 | D:1      | Reached XP level 1. HP: 11/11 MP: 2/2
   388 | D:1      | Reached XP level 2. HP: 16/16 MP: 3/3
   402 | D:1      | Reached skill level 3 in Short Blades
   627 | D:1      | Found a faded altar of an unknown god.
   627 | D:1      | Noticed an Ice Fiend
  1527 | D:2      | Reached XP level 3. HP: 20/20 MP: 4/4
  1596 | D:2      | Noticed Terence
  1605 | D:2      | Killed Terence
  1606 | D:2      | Gained mutation: Your natural rate of healing is unusually
                  | fast. [Vine Stalker growth]
  1606 | D:2      | Reached XP level 4. HP: 21/24 MP: 3/5
  2055 | D:2      | Found a runed translucent door.
  2056 | D:2      | Noticed Crazy Yiuf
  2065 | D:2      | Killed Crazy Yiuf
  2233 | D:2      | Reached ** piety under Trog
  2582 | D:3      | Reached skill level 4 in Short Blades
  2588 | D:3      | Reached XP level 5. HP: 28/28 MP: 6/6
  2629 | D:3      | Noticed Ijyb
  2656 | D:3      | Killed Ijyb
  2703 | D:3      | Found Jivuuv's Assorted Antiques.
  2750 | D:3      | Noticed Robin
  2755 | D:3      | Killed Robin
  2804 | D:3      | Reached XP level 6. HP: 19/33 MP: 4/7
  3919 | D:4      | Noticed a black bear
  3927 | D:4      | Killed a black bear
  3928 | D:4      | Reached skill level 5 in Short Blades
  4288 | D:4      | Found a shimmering blue altar of Sif Muna.
  4492 | D:3      | Bought a scroll labelled QOLIMA QOLAWEI for 23 gold pieces
  4492 | D:3      | Bought a scroll labelled TUARA MAIRY for 23 gold pieces
  4492 | D:3      | Bought a scroll labelled BYMUCONGUO for 23 gold pieces
  4492 | D:3      | Bought a scroll labelled HIXULA IGAC for 23 gold pieces
  4492 | D:3      | Bought a scroll labelled TUARA MAIRY for 23 gold pieces
  4550 | D:5      | Entered Level 5 of the Dungeon
  4570 | D:5      | Noticed Sigmund
  4581 | D:5      | Reached XP level 7. HP: 23/37 MP: 3/8
  4589 | D:5      | Killed Sigmund
  4594 | D:5      | Reached skill level 6 in Short Blades
  4595 | D:5      | Reached *** piety under Trog
  4600 | D:5      | Slain by an orc

Illustrated notes

Levels and vault maps discovered:
D:1:      grunt_arrival_crossed_arrows, layout_basic,
          dreamdust_ecumenical_altar_sealed_demon
D:2:      kennysheep_big_flooded_room, layout_basic, small_statue_intersection,
          uniq_crazy_yiuf_cottage, uniq_terence
D:3:      layout_basic, serial_corexii_hall, corexii_hall_statues_x,
          chequers_hall_statues_corner_a, corexii_hall_statues_s, serial_shops,
          nicolae_diamond_shop, lexackson_kobold_supper, uniq_robin, uniq_ijyb
D:4:      layout_gridville, lemuel_coloured_pillars_altar
D:5:      layout_cave_pools, nicolae_ossuary_entry_monument,
          minmay_misc_feat_more_columns, uniq_grinder, uniq_sigmund

Skill      XL: |  1  2  3  4  5  6  7 |
---------------+----------------------+-----
Short Blades   | 3 4 5 6 |  6.0
Fighting       | 3 4 |  4.6
Armour         | 2 3 |  3.7
Dodging        | |  1.5

Action                   |  1- 3 |  4- 6 |  7- 9 || total
-------------------------+-------+-------+-------++-------
Melee: Short sword       |    68 |   189 |    19 ||   276
       Bite              |    15 |    46 |     2 ||    63
       Punch             |     1 |     4 |       ||     5
Throw: Stone             |       |     5 |       ||     5
Invok: Berserk           |     1 |     4 |       ||     5
       Trog's Hand       |       |     2 |       ||     2
  Use: Potion            |       |     1 |       ||     1
Armor: Ring mail         |    16 |    33 |     8 ||    57
       Animal skin       |     1 |       |       ||     1
Dodge: Dodged            |    19 |    57 |    16 ||    92
